 Dungeon Crawl Stone Soup version 0.28.0-43-g3370ac3207 (webtiles) character file.

Game seed: 5846181221058353688

304 silky the Cudgeller (level 6, 0/56 HPs)
             Began as a Minotaur Chaos Knight on Mar 30, 2022.
             Was a Plaything of Xom.
             Killed from afar by a white imp (7 damage)
             ... with a puff of frost
             ... on level 4 of the Dungeon.
             The game lasted 00:06:19 (2596 turns).

silky the Cudgeller (Minotaur Chaos Knight)         Turns: 2596, Time: 00:06:20

Health: 0/56       AC:  9    Str: 25    XL:     6   Next: 15%
Magic:  5/5        EV:  8    Int:  9    God:    Xom [....*.]
Gold:   171        SH:  5    Dex:  9    Spells: 5/5 levels left

rFire   . . .      SeeInvis .   a - +0 mace (chaos)
rCold   . . .      Faith    .   (no shield)
rNeg    . . .      Spirit   .   d - +0 chain mail
rPois   .          Reflect  +   (helmet restricted)
rElec   .          Harm     .   (no cloak)
rCorr   .          Rampage  .   (no gloves)
Will    .....                   (no boots)
Stlth   ..........              p - amulet of reflection
HPRegen 0.18/turn               e - +6 ring of strength
MPRegen 0.09/turn               n - ring of wizardry

@: about to teleport
A: horns 2, retaliatory headbutt
a: Renounce Religion


You were on level 4 of the Dungeon.
You worshipped Xom.
You were a beloved toy of Xom.
You visited 1 branch of the dungeon, and saw 4 of its levels.

You collected 171 gold pieces.

Inventory:

Hand Weapons
 a - a +0 mace of chaos (weapon)
Armour
 d - a +0 chain mail (worn)
Jewellery
 e - a +6 ring of strength (left hand)
 g - a ring of fire
 n - a ring of wizardry (right hand)
 p - an amulet of reflection (around neck)
Scrolls
 c - a scroll of noise {unknown}
 f - 2 scrolls of enchant armour
 l - a scroll of magic mapping
 m - a scroll of fog {unknown}
Potions
 b - a potion of curing {unknown}
 h - a potion of flight {unknown}
 i - a potion of heal wounds {unknown}


   Skills:
 + Level 5.0 Fighting
 + Level 6.0 Maces & Flails
 + Level 4.5 Armour
 + Level 2.0 Dodging
 + Level 0.2 Stealth
 + Level 0.5 Shields


You had 5 spell levels left.
You didn't know any spells.
Your spell library contained the following spells:

 Spells                   Type           Power      Damage    Failure   Level
 Ensorcelled Hibernation  Hex/Ice        0%         N/A       80%         2
 Passwall                 Tmut/Erth      0%         N/A       80%         2
 Ozocubu's Armour         Ice            0%         N/A       95%         3
 Swiftness                Air            0%         N/A       95%         3
 Metabolic Englaciation   Hex/Ice        0%         N/A       100%        5
 Simulacrum               Ice/Necr       0%         N/A       100%        6


Dungeon Overview and Level Annotations

Branches:
Dungeon (4/15)
 Temple: D:4-7

Altars:
Ashenzari


Innate Abilities, Weirdness & Mutations

You have a pair of horns on your head.
You reflexively headbutt those who attack you in melee.


Message History

The white imp gestures at you. The puff of frost hits you!
The hound barks!
You hear a bark!
A hound comes into view.
The gnoll hits you from afar with a +0 halberd.
The white imp barely misses you. You furiously retaliate!
You headbutt the white imp, but do no damage.
You hear a shout!
You barely miss the white imp.
The gnoll hits you from afar with a +0 halberd!
The white imp barely misses you.
You hit the white imp but do no damage.
The white imp seems to grow stronger.
Xom is amused.
Your headbutt misses the white imp. The gnoll closely misses you.
The white imp gestures at you. The puff of frost hits you.
You hit the white imp but do no damage.
The white imp seems to speed up.
You headbutt the white imp, but do no damage.
Your punch misses the white imp.
The white imp hits you but does no damage.
The gnoll hits you but does no damage.
You hit the white imp but do no damage.
You headbutt the white imp, but do no damage.
The white imp gestures at you. The puff of frost hits you!
* * * LOW HITPOINT WARNING * * *
The gnoll hits you from afar with a +0 halberd!
* * * LOW HITPOINT WARNING * * *
The white imp hits you but does no damage.
As you read the scroll of teleportation, it crumbles to dust.
You feel strangely unstable. The white imp gestures at you.
The puff of frost hits you but does no damage.
A gnoll comes into view. It is wielding a +0 club.
The gnoll hits you but does no damage.
The white imp hits you but does no damage.
The white imp gestures at you. The puff of frost hits you!
You die...
Xom chuckles heartily!

. ...
....#############.
#.................
#................
#######..@.##.
##...#5##
#..###..# ##.##
##g# #..# h# .
#.## .h ... ##.#
...
.....####..##.#
...# #...<......#
...#


You could see 2 hounds, a gnoll and a white imp (fast, strong).

Vanquished Creatures
  Sigmund (D:3)
  Jessica (D:2)
  4 adders
  A river rat (D:3)
  A worm (D:3)
  A dart slug (D:1)
  4 orcs (D:3)
  7 ball pythons
  6 endoplasms
  5 giant cockroaches (D:2)
  5 hobgoblins
  2 kobolds
  8 bats
  4 frilled lizards (D:2)
  8 goblins
  11 rats
69 creatures vanquished.

Notes
Turn   | Place    | Note
-------+----------+-------------------------------------------
     0 | D:1      | silky the Minotaur Chaos Knight began the quest for the
                  | Orb.
     0 | D:1      | Reached XP level 1. HP: 19/19 MP: 0/0
    12 | D:1      | XOM: silly message
   138 | D:1      | XOM: 3-stop teleportation journey
   200 | D:1      | Reached XP level 2. HP: 24/27 MP: 1/1
   467 | D:1      | Reached skill level 4 in Maces & Flails
   804 | D:2      | XOM: noise
   866 | D:2      | Reached XP level 3. HP: 33/33 MP: 2/2
   917 | D:2      | Found a broken altar of Ashenzari.
   919 | D:2      | Noticed Jessica
   925 | D:2      | Killed Jessica
  1085 | D:2      | Reached XP level 4. HP: 36/40 MP: 3/3
  1175 | D:2      | XOM: divination: detect creatures
  1256 | D:2      | Found a faded altar of an unknown god.
  1306 | D:2      | XOM: god gift: 20 arrows
  1327 | D:2      | Reached skill level 5 in Maces & Flails
  2259 | D:3      | XOM: polymorph orc -> river rat
  2272 | D:3      | Reached XP level 5. HP: 39/47 MP: 4/4
  2277 | D:3      | Noticed Sigmund
  2341 | D:3      | Killed Sigmund
  2342 | D:3      | Reached skill level 5 in Fighting
  2342 | D:3      | Reached skill level 6 in Maces & Flails
  2342 | D:3      | Reached XP level 6. HP: 54/56 MP: 5/5
  2596 | D:4      | Killed from afar by a white imp

Illustrated notes

Levels and vault maps discovered:
D:1:      dpeg_arrival_rhombi, layout_loops_ring, minmay_misc_feat_columns,
          minmay_octomino_j4
D:2:      minmay_chambers_of_twos, layout_basic,
          chequers_ecumenical_altar_simple_redux, basic_altar, uniq_jessica
D:3:      layout_basic, uniq_sigmund
D:4:      layout_rooms, gammafunk_ghost_mausoleum

Skill      XL: |  1  2  3  4  5  6 |
---------------+-------------------+-----
Armour         | 3 4 |  4.5
Fighting       | 4 5 |  5.0
Maces & Flails | 4 5 6 |  6.0
Dodging        | 2 |  2.0
Stealth        | |  0.2
Shields        | |  0.5

Action                   |  1- 3 |  4- 6 || total
-------------------------+-------+-------++-------
Melee: Mace              |    45 |    85 ||   130
       Headbutt          |     7 |    14 ||    21
       Punch             |       |     2 ||     2
  Use: Scroll            |       |     5 ||     5
Armor: Leather armour    |     6 |       ||     6
       Chain mail        |    27 |    69 ||    96
Dodge: Dodged            |    28 |    54 ||    82
Block: Other             |       |     5 ||     5
